Map: Automaton LE

Players

ViBE - Winner!

  • Race: Protoss Protoss
  • League: Silver
  • Spawn Location: 9:00

Tomdu

  • Race: Terran Terran
  • League: Gold
  • Spawn Location: 3:00

VOD

Have the link to the VOD?

Description

Time

  • Played on: Nov. 28, 2018, 1:25 a.m.
  • Length: 13:15
Show
View Real Time Build Order
Export as new Build Order

ViBE Protoss - Winner!

Build Orders: 1 Gate Expand, Colossus Rush 

Get SALT Encoding   

  12  0:00  Probe  
  13  0:13  Probe  
  14  0:18  Pylon  
  14  0:26  Probe  
  15  0:37  Gateway  
  15  0:39  Probe  
  16  0:47  Probe  
  16  0:52  Assimilator  
  16  0:56  Probe  
  18  1:06  Probe  
  19  1:14  Probe  
  20  1:25  Cybernetics Core  
  20  1:39  Nexus  
  20  1:41  Probe  
  21  1:49  Pylon  
  21  1:53  Probe  
  22  1:56  Assimilator  
  22  2:05  Probe  
  23  2:10  Stalker  
  23  2:13  Probe  
  25  2:21  Pylon  
  26  2:26  Warp Gate, Probe  
  27  2:38  Probe  
  27  2:40  Sentry  
  30  2:45  Pylon  
  30  2:49  Probe  
  30  2:50  Probe  
  32  2:59  Probe  
  32  3:00  Robotics Facility  
  32  3:02  Probe  
  34  3:08  Probe  
  35  3:14  Probe  
  35  3:16  Probe, Stalker  
  38  3:24  Gateway  
  38  3:26  Probe  
  39  3:29  Probe  
  41  3:38  Probe  
  41  3:41  Probe  
  43  3:44  Pylon  
  43  3:48  Observer, Stalker  
  44  3:50  Probe  
  44  3:53  Probe  
  44  3:55  Assimilator  
  48  3:59  Assimilator  
  48  4:02  Robotics Bay  
  48  4:07  Probe x2  
  50  4:19  Probe x2  
  52  4:27  Stalker x2  
  52  4:31  Probe x2  
  58  4:40  Nexus  
  58  4:41  Pylon  
  58  4:45  Probe x2  
  60  4:54  Forge  
  60  4:55  Twilight Council, Extended Thermal Lance  
  60  4:57  Probe x2  
  62  5:00  Pylon  
  62  5:07  Colossus  
  68  5:14  Protoss Ground Weapons Level 1  
  68  5:18  Probe  
  68  5:19  Probe  
  70  5:27  Pylon  
  70  5:31  Pylon, Stalker x2  
  74  5:45  Shield Battery  
  74  5:46  Photon Cannon  
  74  5:51  Photon Cannon  
  74  5:55  Probe x2, Shield Battery  
  74  5:57  Probe  
  77  6:07  Probe  
  77  6:08  Probe  
  77  6:09  Probe, Colossus  
  86  6:19  Probe  
  86  6:20  Probe  
  86  6:21  Probe  
  86  6:22  Pylon  
  86  6:24  Photon Cannon  
  89  6:26  Pylon  
  89  6:32  Probe x2  
  89  6:35  Probe  
  90  6:44  Protoss Ground Weapons Level 2, Probe x2  
  92  6:47  Probe  
  92  6:50  Gateway  
  92  6:51  Gateway  
  93  6:55  Gateway x2  
  93  6:56  Probe  
  93  6:59  Pylon  
  93  7:00  Charge  
  94  7:04  Assimilator, Templar Archives, Colossus  
  94  7:05  Assimilator  
  100  7:23  Nexus  
  100  7:26  Pylon  
  100  7:27  Probe x3  
  103  7:39  Probe x2  
  105  7:45  Stalker x4  
  105  7:49  Stalker  
  105  7:50  Stalker  
  117  7:54  Probe x2  
  117  7:58  Pylon, Colossus  
  119  8:01  Shield Battery  
  125  8:20  Gateway  
  125  8:21  Gateway  
  125  8:23  Probe x3, Gateway  
  125  8:26  Gateway  
  128  8:27  Gateway  
  128  8:40  Photon Cannon, Shield Battery  
  128  8:42  Assimilator  
  128  8:45  Assimilator  
  128  8:55  Protoss Ground Weapons Level 3  
  128  8:56  High Templar x6  
  128  8:58  Colossus  
  128  8:59  Nexus  
  128  9:00  Pylon  
  146  9:03  Pylon x2  
  146  9:04  Pylon  
  146  9:10  Archon x3  
  146  9:21  High Templar x3  
  146  9:22  High Templar  
  146  9:23  Zealot  
  156  9:25  Archon  
  156  9:26  Archon  
  156  9:47  High Templar x3  
  156  9:49  High Templar  
  156  9:50  Photon Cannon, Zealot x3  
  156  9:51  Photon Cannon, Archon  
  170  9:53  Archon  
  170  9:54  Zealot x3  
  170  9:56  Photon Cannon  
  170  9:57  Photon Cannon  
  170  9:59  Shield Battery  
  176  10:03  Shield Battery  
  176  10:06  Shield Battery  
  176  10:09  Shield Battery  
  176  10:11  Assimilator  
  176  10:14  Assimilator  
  176  10:31  Stargate  
  176  10:33  Stargate  
  176  10:34  Colossus  
  176  10:35  Stargate, Stalker x2  
  176  10:36  Stalker x5  
  176  10:37  Zealot  
  176  10:38  Zealot x2  
  176  10:41  Zealot  
  132  11:03  Zealot x9  
  144  11:04  Zealot  
  144  11:07  Zealot  
  130  11:28  High Templar x9  
  130  11:31  High Templar  
  146  11:33  Archon x3  
  146  11:34  Archon  
  146  11:35  Archon  
  146  11:36  Zealot  
  148  11:40  Fleet Beacon  
  148  11:46  Gateway  
  148  11:49  Gateway  
  148  11:51  Gateway  
  148  12:04  Zealot x6  
  148  12:05  Zealot x2  
  162  12:09  Zealot  
  162  12:10  Zealot  
  162  12:12  Zealot  
  168  12:23  High Templar x5  
  168  12:24  High Templar  
  168  12:26  Zealot x3  
  168  12:27  Archon x3  
  186  12:30  Zealot  
  186  12:32  Zealot  
  195  13:06  Nexus  
  195  13:08  Pylon  
  195  13:11  Pylon  
Show
View Real Time Build Order
Export as new Build Order

Tomdu Terran 

Build Orders:  

Get SALT Encoding   

  12  0:00  SCV  
  13  0:13  SCV  
  14  0:20  Supply Depot  
  14  0:28  Refinery  
  14  0:32  SCV  
  15  0:47  Barracks  
  15  0:52  SCV  
  16  1:04  SCV  
  17  1:16  SCV  
  18  1:28  SCV  
  19  1:45  Command Center  
  19  1:48  Barracks Reactor  
  19  2:02  Factory  
  19  2:13  Orbital Command  
  19  2:24  Marine  
  19  2:25  Marine  
  21  2:40  SCV  
  22  2:56  Supply Depot, Barracks Tech Lab  
  22  3:08  Starport  
  22  3:12  Orbital Command  
  22  3:18  SCV  
  23  3:23  Supply Depot  
  23  3:26  Widow Mine  
  25  3:28  Widow Mine  
  25  3:30  SCV  
  28  3:42  SCV x2  
  30  3:54  SCV x2  
  32  3:56  Refinery  
  32  3:58  Barracks Tech Lab  
  32  4:06  SCV x2  
  34  4:10  Cloaking Field  
  34  4:19  Banshee  
  37  4:24  SCV  
  37  4:27  SCV  
  39  4:31  Marine  
  39  4:36  SCV  
  41  4:39  SCV  
  42  4:48  SCV  
  42  4:51  SCV  
  44  5:02  Banshee  
  44  5:03  SCV  
  48  5:08  Barracks  
  48  5:10  Siege Tank  
  48  5:12  Marine x2  
  53  5:15  SCV  
  53  5:18  Refinery  
  54  5:25  Supply Depot  
  54  5:27  SCV  
  55  5:29  Marine  
  55  5:30  Marine  
  55  5:33  Command Center  
  57  5:40  SCV  
  58  5:47  Supply Depot, Marine x2  
  58  5:48  Engineering Bay  
  60  5:52  SCV  
  61  6:05  Marine x2, Starport Reactor  
  61  6:07  Armory  
  63  6:15  Engineering Bay  
  60  6:41  Supply Depot  
  60  6:43  Viking  
  60  6:44  Viking  
  64  6:50  Marine x3  
  67  6:56  Armory  
  67  7:03  Refinery  
  67  7:04  SCV  
  67  7:08  Marine x3  
  70  7:09  Terran Infantry Weapons Level 1  
  70  7:10  Terran Infantry Armor Level 1  
  70  7:13  Viking  
  70  7:14  Viking  
  75  7:16  SCV  
  76  7:24  Factory  
  76  7:25  Marine  
  76  7:26  Marine x2  
  76  7:28  SCV  
  80  7:33  Orbital Command  
  80  7:39  Supply Depot  
  80  7:40  SCV  
  80  7:43  Marine, Viking x2  
  86  7:52  SCV  
  87  8:03  Terran Vehicle And Ship Armor Level 1  
  87  8:04  Terran Ship Weapons Level 1  
  87  8:05  SCV  
  88  8:13  Viking x2  
  88  8:17  SCV  
  93  8:25  Factory Tech Lab  
  93  8:27  Supply Depot  
  93  8:28  Barracks  
  93  8:29  SCV  
  94  8:34  SCV  
  94  8:41  SCV  
  96  8:47  SCV, Sensor Tower  
  97  8:49  Supply Depot  
  97  8:51  Refinery  
  97  8:53  SCV  
  97  8:54  Siege Tank  
  97  8:55  Siege Tank  
  104  8:59  SCV, Marine  
  104  9:00  Marine x2  
  108  9:11  SCV  
  108  9:16  Supply Depot  
  109  9:17  Marine x2  
  109  9:18  Marine  
  109  9:21  Refinery  
  109  9:23  SCV, Terran Infantry Weapons Level 2  
  113  9:27  Siege Tank x2  
  119  9:34  Barracks Reactor  
  119  9:35  Marine x3  
  119  9:36  Stimpack  
  122  9:40  Barracks Tech Lab  
  122  9:44  Barracks  
  122  9:52  Supply Depot  
  122  9:53  Marine x3  
  122  9:59  Terran Vehicle And Ship Armor Level 2, Command Center  
  125  10:01  Terran Ship Weapons Level 2  
  125  10:03  Terran Infantry Armor Level 2  
  125  10:11  Marine  
  68  11:09  Barracks Tech Lab  
  68  11:10  Barracks Reactor  
  64  11:11  Barracks Reactor  
  64  11:13  Siege Tank  
  67  11:57  Supply Depot  
  65  12:02  Supply Depot x2  
  65  12:03  Marauder  
  65  12:05  Marauder, Siege Tank  
  57  12:16  Marine  
  57  12:17  Marine  
  56  12:24  Marine, Supply Depot  
  56  12:26  Marine  
  58  12:34  Marine x2  
  60  12:41  Marine  
  61  12:44  Marine  
  61  12:46  Supply Depot  
  62  12:52  Marine x2  
Tags
 
Add a new tag
Caveats
  • Supply blocks, unpowered buildings, or Contaminate may cause inaccurate times.
  • Supply counts are checked every 10 seconds.